MapleLeafs vs Bruins

Created - March-10-13 at 11:28

Goals
1 2 3 T
MapleLeafs 2 1 1 4
Bruins 2 1 0 3
Shots
1 2 3 T
MapleLeafs 7 8 9 24
Bruins 11 5 7 23

1st period

1. Bruins , Zdeno Chara 10 (Rich Peverley, Cody Franson) at 3:15 (PP)
2. MapleLeafs , Mike Fisher 23 (Evgeni Malkin, Patrick Marleau) at 10:37
3. MapleLeafs , Vincent Lecavalier 15 (Kris Versteeg, Victor Hedman) at 13:13
4. Bruins , Zdeno Chara 11 (Ryan Nugent-Hopkins, Tyler Seguin) at 18:51 (PP)

Penalties :
Zach Bogosian (BOS) for Holding (Minor) at 0:19, Adam Henrique (TOR) for Slashing (Double Minor) at 3:01, Ryan Miller (TOR) for Delaying the game (Minor) at 7:07 - Hal Gill served the penalty., Victor Hedman (TOR) for Roughing (Double Minor) at 13:48, Drew Doughty (TOR) for Slashing (Minor) at 18:30

2nd period

5. MapleLeafs , Adam Henrique 20 (Jonathan Ericsson, Greg Zanon) at 6:22
6. Bruins , Patrice Bergeron 19 (Tobias Enstrom, David Schlemko) at 8:50

Penalties :
Zdeno Chara (BOS) for Hooking (Minor) at 6:39, Jordin Tootoo (TOR) for Roughing (Minor) at 8:52, Zach Bogosian (BOS) for Hooking (Minor) at 10:04, Zdeno Chara (BOS) for Fighting (Major) at 12:17, Greg Zanon (TOR) for Fighting (Major) at 12:17

3rd period

7. MapleLeafs , Greg Zanon 4 (Drew Doughty, Jordin Tootoo) at 15:47 (PP)

Penalties :
Evander Kane (BOS) for Holding (Minor) at 1:38, David Schlemko (BOS) for Interference (Minor) at 8:53, Evander Kane (BOS) for Interference (Minor) at 14:00, Milan Lucic (BOS) for Slashing (Minor) at 17:18

Goalie Stats

Ryan Miller (TOR), 20 saves from 23 shots - (0.870), W, 35-25-7, 60:00 minutes
Tuukka Rask (BOS), 20 saves from 24 shots - (0.833), L, 9-5-0, 59:47 minutes

Players Stats for MapleLeafs

Player Name              G  A  P  +/- PIM S  H  SB GA TA FO     MP     PP MP  PK MP  
------------------------------------------------------------------------------------
Adam Hall                0  0  0   0  0   2  1  0  0  0  1/7    14:02   0:14   5:05 
Adam Henrique            1  0  1   2  4   3  1  0  0  0  0/0    22:32   6:31   3:34 
Chuck Kobasew            0  0  0  -1  0   1  0  1  0  0  0/1     5:28   0:00   0:00 
Derek Dorsett            0  0  0   0  0   1  5  0  0  0  4/14    7:22   0:14   0:00 
Drew Doughty             0  1  1   2  2   1  2  1  0  0  0/0    24:57   5:57   5:05 
Evgeni Malkin            0  1  1   1  0   3  1  0  0  0  2/3    23:33   6:09   5:06 
Greg Zanon               1  1  2   0  5   1  1  1  0  0  0/0    13:11   0:14   5:05 
Hal Gill                 0  0  0   0  0   1  2  1  0  0  0/0    22:06   6:57   4:11 
Jay Harrison             0  0  0   0  0   1  5  0  0  0  0/0    20:11   6:57   0:17 
Jonathan Ericsson        0  1  1   0  0   1  4  1  0  0  0/0    15:32   0:00   2:17 
Jordin Tootoo            0  1  1   0  2   1  0  0  0  0  0/1     7:20   0:14   0:00 
Kris Versteeg            0  1  1   2  0   0  0  0  0  0  0/1    18:18   6:31   0:00 
Mike Fisher              1  0  1   1  0   1  5  0  0  0  16/30  23:46   6:09   4:38 
Patrick Marleau          0  1  1   1  0   6  1  0  0  0  2/2    18:45   6:09   1:05 
Philippe Dupuis          0  0  0  -1  0   0  1  0  0  0  0/0     5:28   0:00   0:00 
Vernon Fiddler           0  0  0  -1  0   0  0  0  0  0  3/5     5:52   0:00   0:00 
Victor Hedman            0  1  1   2  4   0  0  0  0  0  0/0    22:43   5:43   2:33 
Vincent Lecavalier       1  0  1   2  0   1  0  0  0  0  7/19   18:18   6:31   0:00 

Players Stats for Bruins

Player Name              G  A  P  +/- PIM S  H  SB GA TA FO     MP     PP MP  PK MP  
------------------------------------------------------------------------------------
Brad Marchand            0  0  0   1  0   4  2  0  0  0  1/3    23:40   4:47   3:46 
Chris Kelly              0  0  0   0  0   0  0  0  0  0  9/14   11:04   0:53   8:28 
Clarke MacArthur         0  0  0   0  0   0  1  0  0  0  0/0     4:07   0:00   1:37 
Cody Franson             0  1  1   0  0   0  0  0  0  0  0/0     7:55   6:00   0:00 
David Krejci             0  0  0  -1  0   0  0  1  0  0  7/12   11:21   0:00   0:40 
David Schlemko           0  1  1  -1  2   0  1  1  0  0  0/0    15:37   0:00   5:23 
Dennis Seidenberg        0  0  0  -1  0   0  0  1  0  0  0/0    21:23   0:00   6:24 
Evander Kane             0  0  0  -1  4   1  5  0  0  0  1/3    16:18   4:57   0:00 
Milan Lucic              0  0  0  -2  2   1  2  0  0  0  0/0     8:21   0:00   0:00 
Nathan Horton            0  0  0  -2  0   0  0  0  0  0  1/1    12:26   4:04   0:00 
Oliver Ekman-Larsson     0  0  0  -1  0   1  0  1  0  0  0/0    20:02   3:44   4:27 
Patrice Bergeron         1  0  1   1  0   6  1  0  0  0  16/23  16:57   0:00   0:00 
Rich Peverley            0  1  1  -1  0   1  0  0  0  0  4/7    23:09   4:57   7:31 
Ryan Nugent-Hopkins      0  1  1  -2  0   0  0  0  0  0  9/19   16:55   4:47   3:46 
Tobias Enstrom           0  1  1  -1  0   0  0  0  0  0  0/0    11:02   0:00   0:00 
Tyler Seguin             0  1  1   1  0   3  1  0  0  0  0/1    21:58   4:47   0:00 
Zach Bogosian            0  0  0   0  4   1  1  1  0  0  0/0    21:27   3:43   4:41 
Zdeno Chara              2  0  2   0  7   5  3  0  0  0  0/0    22:29   6:00   4:53 

3 Stars

1 - Mike Fisher (TOR)
2 - Vincent Lecavalier (TOR)
3 - Patrice Bergeron (BOS)

Power Play

MapleLeafs - 1 on 7 Attempt(s) - 14.29%
Bruins - 2 on 7 Attempt(s) - 28.57%

Penalty Kill

MapleLeafs - 5 on 7 Attempt(s) - 71.43% - Score 0 goal in Penalty Kill
Bruins - 6 on 7 Attempt(s) - 85.71% - Score 0 goal in Penalty Kill

Official

Referees : Greg Kimmerly and Marc Joannette
Linesman : Brian Murphy and Ryan Galloway

Game Notes

Greg Zanon beats up Zdeno Chara at 12:17 of 2nd period

Finance

Level 1 -- Attendance: 4434 (68.22%) -- Ticket Income $558,684
Level 2 -- Attendance: 3748 (74.96%) -- Ticket Income $337,320
Level 3 -- Attendance: 2588 (73.94%) -- Ticket Income $168,220
Level 4 -- Attendance: 1565 (100.00%) -- Ticket Income $59,470
Luxury Box -- Attendance: 616 (61.60%) -- Ticket Income $184,184
Game was played at the TD Garden
Total Attendance: 12951 (73.73%)
Total Ticket Income: $1,307,878
Other Income: $196,182
Total Income: $1,504,060


% Time on Ice - MapleLeafs

Lines # - Real PCT - Wanted PCT - Time Play
Normal Forward
1 - 32% - 32% - 11:31
2 - 33% - 30% - 11:47
3 - 20% - 22% - 7:07
4 - 15% - 16% - 5:28
Normal Defense
1 - 36% - 33% - 13:00
2 - 23% - 27% - 8:22
3 - 28% - 24% - 9:56
4 - 13% - 16% - 4:35
PP Forward
1 - 48% - 53% - 6:09
2 - 52% - 47% - 6:45
PP Defense
1 - 46% - 54% - 5:57
2 - 54% - 46% - 6:57
PK Forward
1 - 52% - 53% - 5:06
2 - 48% - 47% - 4:38
PK Defense
1 - 48% - 53% - 4:39
2 - 52% - 47% - 5:05
PK3 Forward
1 - 0% - 60%
2 - 0% - 40%
PK3 Defense
1 - 0% - 52%
2 - 0% - 48%
44 Forward
1 - 100% - 60% - 0:47
2 - 0% - 40% - 0:00
44 Defense
1 - 100% - 60% - 0:47
2 - 0% - 40% - 0:00
Last Minute Offensive  - 0:00
Last Minute Defensive  - 0:42
Total
Forward - 60:00
Defense - 60:00

% Time on Ice - Bruins

Lines # - Real PCT - Wanted PCT - Time Play
Normal Forward
1 - 42% - 40% - 15:07
2 - 30% - 30% - 10:41
3 - 23% - 20% - 8:22
4 - 5% - 10% - 1:43
Normal Defense
1 - 36% - 35% - 13:03
2 - 30% - 35% - 10:40
3 - 29% - 25% - 10:15
4 - 5% - 5% - 1:55
PP Forward
1 - 49% - 60% - 4:47
2 - 51% - 40% - 4:57
PP Defense
1 - 62% - 60% - 6:00
2 - 38% - 40% - 3:44
PK Forward
1 - 71% - 60% - 9:08
2 - 29% - 40% - 3:46
PK Defense
1 - 53% - 60% - 6:52
2 - 47% - 40% - 6:02
PK3 Forward
1 - 0% - 60%
2 - 0% - 40%
PK3 Defense
1 - 0% - 60%
2 - 0% - 40%
44 Forward
1 - 100% - 60% - 0:47
2 - 0% - 40% - 0:00
44 Defense
1 - 0% - 60% - 0:00
2 - 100% - 40% - 0:47
Last Minute Offensive  - 0:42
Last Minute Defensive  - 0:00
Total
Forward - 60:00
Defense - 60:00

Play by Play

1st period


0:01 of 1st period - Evgeni Malkin wins face-off versus Patrice Bergeron in neutral zone.
0:19 of 1st period - Minor Penalty to Zach Bogosian for Holding.
0:20 of 1st period - Vincent Lecavalier wins face-off versus Chris Kelly in Bruins zone.
0:23 of 1st period - Shot by Adam Henrique.
0:23 of 1st period - Shot Misses the Net.
0:31 of 1st period - Shot by Kris Versteeg.
0:31 of 1st period - Shot Misses the Net.
0:33 of 1st period - Shot by Hal Gill.
0:33 of 1st period - Shot Hit the Post.
0:35 of 1st period - Shot by Hal Gill.
0:35 of 1st period - Stopped by Tuukka Rask without a rebound.
0:36 of 1st period - Mike Fisher wins face-off versus Brad Marchand in Bruins zone.
0:43 of 1st period - Shot by Victor Hedman.
0:43 of 1st period - Shot Blocked by Oliver Ekman-Larsson.
0:45 of 1st period - Shot by Victor Hedman.
0:45 of 1st period - Shot Misses the Net.
1:05 of 1st period - Ryan Nugent-Hopkins is hit by Mike Fisher and loses puck.
2:23 of 1st period - Icing by Zdeno Chara.
2:24 of 1st period - Evander Kane wins face-off versus Derek Dorsett in Bruins zone.
2:26 of 1st period - Icing by Zdeno Chara.
2:27 of 1st period - Derek Dorsett wins face-off versus David Krejci in Bruins zone.
2:35 of 1st period - Evander Kane is hit by Derek Dorsett and loses puck.
2:43 of 1st period - Evander Kane is hit by Greg Zanon and loses puck.
2:55 of 1st period - Jordin Tootoo is hit by Zach Bogosian.
2:59 of 1st period - Shot by Derek Dorsett.
2:59 of 1st period - Stopped by Tuukka Rask without a rebound.
3:00 of 1st period - Chris Kelly wins face-off versus Vincent Lecavalier in Bruins zone.
3:00 of 1st period - Chris Kelly is hit by Adam Henrique.
3:01 of 1st period - Double Minor Penalty to Adam Henrique for Slashing.
3:02 of 1st period - Rich Peverley wins face-off versus Adam Hall in MapleLeafs zone.
3:15 of 1st period - Shot by Zdeno Chara.
3:15 of 1st period - Goal by Zdeno Chara - MapleLeafs : 0 - Bruins : 1.
3:16 of 1st period - Mike Fisher wins face-off versus Rich Peverley in neutral zone.
3:26 of 1st period - Icing by Cody Franson.
3:27 of 1st period - Mike Fisher wins face-off versus Rich Peverley in Bruins zone.
5:17 of 1st period - Icing by Adam Henrique.
5:18 of 1st period - Vincent Lecavalier wins face-off versus Chris Kelly in MapleLeafs zone.
5:48 of 1st period - Shot by Chris Kelly.
5:48 of 1st period - Shot Misses the Net.
5:50 of 1st period - Shot by Tobias Enstrom.
5:50 of 1st period - Shot Misses the Net.
5:53 of 1st period - Tyler Seguin is hit by Jay Harrison and loses puck.
6:18 of 1st period - Shot by Milan Lucic.
6:18 of 1st period - Shot Hit the Post.
6:34 of 1st period - Shot by Evgeni Malkin.
6:34 of 1st period - Stopped by Tuukka Rask without a rebound.
6:35 of 1st period - Patrice Bergeron wins face-off versus Vernon Fiddler in Bruins zone.
6:35 of 1st period - Patrice Bergeron is hit by Philippe Dupuis.
7:03 of 1st period - Shot by Patrice Bergeron.
7:03 of 1st period - Shot Blocked by Hal Gill.
7:05 of 1st period - Shot by Zdeno Chara.
7:05 of 1st period - Stopped by Ryan Miller with a rebound.
7:07 of 1st period - Shot by Tyler Seguin.
7:07 of 1st period - Deflect By Patrice Bergeron.
7:07 of 1st period - Stopped by Ryan Miller without a rebound.
7:07 of 1st period - Minor Penalty to Ryan Miller for Delaying the game.
7:08 of 1st period - Rich Peverley wins face-off versus Adam Hall in MapleLeafs zone.
7:32 of 1st period - Icing by Chris Kelly.
7:33 of 1st period - Rich Peverley wins face-off versus Adam Hall in Bruins zone.
8:30 of 1st period - Shot by Brad Marchand.
8:30 of 1st period - Shot Blocked by Drew Doughty.
8:48 of 1st period - Mike Fisher is hit by Evander Kane and loses puck.
9:24 of 1st period - Icing by Tobias Enstrom.
9:25 of 1st period - Derek Dorsett wins face-off versus Ryan Nugent-Hopkins in Bruins zone.
10:22 of 1st period - Icing by Nathan Horton.
10:23 of 1st period - Nathan Horton wins face-off versus Mike Fisher in Bruins zone.
10:37 of 1st period - Shot by Mike Fisher.
10:37 of 1st period - Goal by Mike Fisher - MapleLeafs : 1 - Bruins : 1.
10:38 of 1st period - Patrice Bergeron wins face-off versus Vincent Lecavalier in neutral zone.
11:06 of 1st period - Off-side.
11:07 of 1st period - David Krejci wins face-off versus Mike Fisher in neutral zone.
11:12 of 1st period - Icing by Jonathan Ericsson.
11:13 of 1st period - Mike Fisher wins face-off versus David Krejci in MapleLeafs zone.
11:34 of 1st period - Evgeni Malkin is hit by Evander Kane and loses puck.
12:00 of 1st period - Icing by Evgeni Malkin.
12:01 of 1st period - Evgeni Malkin wins face-off versus Patrice Bergeron in MapleLeafs zone.
12:01 of 1st period - Mike Fisher is hit by Brad Marchand and loses puck.
12:12 of 1st period - Shot by Tyler Seguin.
12:12 of 1st period - Shot Misses the Net.
12:29 of 1st period - Shot by Patrice Bergeron.
12:29 of 1st period - Stopped by Ryan Miller without a rebound.
12:30 of 1st period - Vincent Lecavalier wins face-off versus Ryan Nugent-Hopkins in MapleLeafs zone.
13:11 of 1st period - Shot by Vincent Lecavalier.
13:11 of 1st period - Shot Misses the Net.
13:13 of 1st period - Shot by Vincent Lecavalier.
13:13 of 1st period - Goal by Vincent Lecavalier - MapleLeafs : 2 - Bruins : 1.
13:14 of 1st period - Patrice Bergeron wins face-off versus Jordin Tootoo in neutral zone.
13:19 of 1st period - Shot by Tyler Seguin.
13:19 of 1st period - Stopped by Ryan Miller without a rebound.
13:20 of 1st period - Patrice Bergeron wins face-off versus Derek Dorsett in MapleLeafs zone.
13:25 of 1st period - Shot by Brad Marchand.
13:25 of 1st period - Stopped by Ryan Miller without a rebound.
13:26 of 1st period - Patrice Bergeron wins face-off versus Mike Fisher in MapleLeafs zone.
13:26 of 1st period - Oliver Ekman-Larsson is hit by Hal Gill and loses puck.
13:41 of 1st period - Off-side.
13:42 of 1st period - David Krejci wins face-off versus Vincent Lecavalier in neutral zone.
13:48 of 1st period - Double Minor Penalty to Victor Hedman for Roughing.
13:49 of 1st period - Ryan Nugent-Hopkins wins face-off versus Adam Hall in MapleLeafs zone.
13:49 of 1st period - Ryan Nugent-Hopkins is hit by Jonathan Ericsson.
13:59 of 1st period - Shot by Brad Marchand.
13:59 of 1st period - Stopped by Ryan Miller with a rebound.
14:29 of 1st period - Shot by Zdeno Chara.
14:29 of 1st period - Shot Blocked by Jonathan Ericsson.
14:31 of 1st period - Shot by Zdeno Chara.
14:31 of 1st period - Stopped by Ryan Miller without a rebound.
14:32 of 1st period - Mike Fisher wins face-off versus Rich Peverley in MapleLeafs zone.
14:52 of 1st period - Icing by Zach Bogosian.
14:53 of 1st period - Rich Peverley wins face-off versus Mike Fisher in Bruins zone.
15:09 of 1st period - Shot by Oliver Ekman-Larsson.
15:09 of 1st period - Stopped by Ryan Miller without a rebound.
15:10 of 1st period - Adam Hall wins face-off versus Ryan Nugent-Hopkins in MapleLeafs zone.
15:43 of 1st period - Zdeno Chara is hit by Adam Hall and loses puck.
16:16 of 1st period - Mike Fisher is hit by Evander Kane and loses puck.
16:45 of 1st period - Shot by Nathan Horton.
16:45 of 1st period - Deflect By Evander Kane.
16:45 of 1st period - Shot Misses the Net.
16:59 of 1st period - Shot by Mike Fisher.
16:59 of 1st period - Shot Misses the Net.
17:01 of 1st period - Shot by Mike Fisher.
17:01 of 1st period - Shot Misses the Net.
17:03 of 1st period - Shot by Jonathan Ericsson.
17:03 of 1st period - Stopped by Tuukka Rask without a rebound.
17:04 of 1st period - Mike Fisher wins face-off versus Ryan Nugent-Hopkins in Bruins zone.
17:04 of 1st period - Mike Fisher is hit by Zdeno Chara.
17:58 of 1st period - Shot by Patrice Bergeron.
17:58 of 1st period - Shot Blocked by Chuck Kobasew.
18:08 of 1st period - Shot by Chuck Kobasew.
18:08 of 1st period - Stopped by Tuukka Rask without a rebound.
18:09 of 1st period - Vincent Lecavalier wins face-off versus David Krejci in Bruins zone.
18:25 of 1st period - Shot by David Krejci.
18:25 of 1st period - Shot Misses the Net.
18:27 of 1st period - Shot by Rich Peverley.
18:27 of 1st period - Shot Misses the Net.
18:30 of 1st period - Minor Penalty to Drew Doughty for Slashing.
18:31 of 1st period - Brad Marchand wins face-off versus Adam Hall in MapleLeafs zone.
18:51 of 1st period - Shot by Zdeno Chara.
18:51 of 1st period - Goal by Zdeno Chara - MapleLeafs : 2 - Bruins : 2.
18:52 of 1st period - Chris Kelly wins face-off versus Chuck Kobasew in neutral zone.
19:16 of 1st period - Shot by Tyler Seguin.
19:16 of 1st period - Stopped by Ryan Miller without a rebound.
19:17 of 1st period - Mike Fisher wins face-off versus David Krejci in MapleLeafs zone.
19:33 of 1st period - Evander Kane is hit by Jay Harrison and loses puck.

2nd period


0:01 of 2nd period - Vincent Lecavalier wins face-off versus Tyler Seguin in neutral zone.
0:14 of 2nd period - Shot by Adam Henrique.
0:14 of 2nd period - Stopped by Tuukka Rask with a rebound.
0:27 of 2nd period - Off-side.
0:28 of 2nd period - David Krejci wins face-off versus Evgeni Malkin in neutral zone.
1:05 of 2nd period - Shot by Evander Kane.
1:05 of 2nd period - Shot Misses the Net.
1:07 of 2nd period - Shot by Rich Peverley.
1:07 of 2nd period - Stopped by Ryan Miller without a rebound.
1:08 of 2nd period - Patrice Bergeron wins face-off versus Vincent Lecavalier in MapleLeafs zone.
1:09 of 2nd period - Shot by Zdeno Chara.
1:09 of 2nd period - Shot Misses the Net.
1:40 of 2nd period - Off-side.
1:41 of 2nd period - Derek Dorsett wins face-off versus Ryan Nugent-Hopkins in neutral zone.
1:41 of 2nd period - Adam Hall is hit by Milan Lucic and loses puck.
1:47 of 2nd period - Off-side.
1:48 of 2nd period - David Krejci wins face-off versus Derek Dorsett in neutral zone.
1:51 of 2nd period - Hal Gill is hit by Evander Kane and loses puck.
2:18 of 2nd period - Dennis Seidenberg is hit by Derek Dorsett and loses puck.
4:04 of 2nd period - Shot by Kris Versteeg.
4:04 of 2nd period - Shot Misses the Net.
4:12 of 2nd period - Shot by Milan Lucic.
4:12 of 2nd period - Shot Blocked by Greg Zanon.
4:37 of 2nd period - Icing by Hal Gill.
4:38 of 2nd period - Derek Dorsett wins face-off versus David Krejci in MapleLeafs zone.
5:05 of 2nd period - Icing by Jay Harrison.
5:06 of 2nd period - Patrice Bergeron wins face-off versus Derek Dorsett in MapleLeafs zone.
5:09 of 2nd period - Shot by Brad Marchand.
5:09 of 2nd period - Stopped by Ryan Miller without a rebound.
5:10 of 2nd period - Patrice Bergeron wins face-off versus Mike Fisher in MapleLeafs zone.
5:10 of 2nd period - Patrice Bergeron is hit by Drew Doughty.
5:36 of 2nd period - Shot by Mike Fisher.
5:36 of 2nd period - Shot Blocked by Zach Bogosian.
5:38 of 2nd period - Shot by Evgeni Malkin.
5:38 of 2nd period - Stopped by Tuukka Rask without a rebound.
5:39 of 2nd period - David Krejci wins face-off versus Vincent Lecavalier in Bruins zone.
6:22 of 2nd period - Shot by Adam Henrique.
6:22 of 2nd period - Goal by Adam Henrique - MapleLeafs : 3 - Bruins : 2.
6:23 of 2nd period - Mike Fisher wins face-off versus Patrice Bergeron in neutral zone.
6:28 of 2nd period - Shot by Patrick Marleau.
6:28 of 2nd period - Stopped by Tuukka Rask without a rebound.
6:29 of 2nd period - Mike Fisher wins face-off versus Patrice Bergeron in Bruins zone.
6:39 of 2nd period - Minor Penalty to Zdeno Chara for Hooking.
6:40 of 2nd period - Mike Fisher wins face-off versus Chris Kelly in Bruins zone.
6:45 of 2nd period - Shot by Evgeni Malkin.
6:45 of 2nd period - Shot Blocked by David Schlemko.
6:47 of 2nd period - Shot by Drew Doughty.
6:47 of 2nd period - Shot Blocked by Dennis Seidenberg.
7:26 of 2nd period - Shot by Drew Doughty.
7:26 of 2nd period - Shot Misses the Net.
7:54 of 2nd period - Shot by Vincent Lecavalier.
7:54 of 2nd period - Shot Misses the Net.
7:56 of 2nd period - Shot by Jay Harrison.
7:56 of 2nd period - Stopped by Tuukka Rask without a rebound.
7:57 of 2nd period - Chris Kelly wins face-off versus Vincent Lecavalier in Bruins zone.
8:15 of 2nd period - Adam Henrique is hit by Brad Marchand and loses puck.
8:50 of 2nd period - Shot by Patrice Bergeron.
8:50 of 2nd period - Goal by Patrice Bergeron - MapleLeafs : 3 - Bruins : 3.
8:51 of 2nd period - Ryan Nugent-Hopkins wins face-off versus Derek Dorsett in neutral zone.
8:51 of 2nd period - Zdeno Chara is hit by Derek Dorsett and loses puck.
8:52 of 2nd period - Minor Penalty to Jordin Tootoo for Roughing.
8:53 of 2nd period - Ryan Nugent-Hopkins wins face-off versus Adam Hall in MapleLeafs zone.
9:29 of 2nd period - Shot by Zdeno Chara.
9:29 of 2nd period - Stopped by Ryan Miller with a rebound.
10:04 of 2nd period - Minor Penalty to Zach Bogosian for Hooking.
10:05 of 2nd period - Mike Fisher wins face-off versus Patrice Bergeron in Bruins zone.
10:16 of 2nd period - Shot by Evgeni Malkin.
10:16 of 2nd period - Stopped by Tuukka Rask without a rebound.
10:17 of 2nd period - Patrice Bergeron wins face-off versus Mike Fisher in Bruins zone.
10:17 of 2nd period - Patrice Bergeron is hit by Mike Fisher.
10:23 of 2nd period - Mike Fisher is hit by Patrice Bergeron and loses puck.
10:40 of 2nd period - Shot by Patrice Bergeron.
10:40 of 2nd period - Stopped by Ryan Miller with a rebound.
10:42 of 2nd period - Shot by Clarke MacArthur.
10:42 of 2nd period - Shot Misses the Net.
10:54 of 2nd period - Shot by David Schlemko.
10:54 of 2nd period - Shot Misses the Net.
12:17 of 2nd period - Greg Zanon beats up Zdeno Chara.
12:17 of 2nd period - Penalty to Zdeno Chara for Fighting.
12:17 of 2nd period - Penalty to Greg Zanon for Fighting.
12:18 of 2nd period - Vernon Fiddler wins face-off versus Ryan Nugent-Hopkins in Bruins zone.
12:59 of 2nd period - Shot by Milan Lucic.
12:59 of 2nd period - Deflect By Ryan Nugent-Hopkins.
12:59 of 2nd period - Shot Misses the Net.
14:30 of 2nd period - Icing by Drew Doughty.
14:31 of 2nd period - Ryan Nugent-Hopkins wins face-off versus Mike Fisher in MapleLeafs zone.
16:09 of 2nd period - Patrice Bergeron is hit by Jay Harrison and loses puck.
16:51 of 2nd period - Off-side.
16:52 of 2nd period - Mike Fisher wins face-off versus Chris Kelly in neutral zone.
16:52 of 2nd period - Mike Fisher is hit by Clarke MacArthur.
16:58 of 2nd period - Shot by Patrick Marleau.
16:58 of 2nd period - Stopped by Tuukka Rask with a rebound.
17:00 of 2nd period - Shot by Patrick Marleau.
17:00 of 2nd period - Stopped by Tuukka Rask without a rebound.
17:01 of 2nd period - Ryan Nugent-Hopkins wins face-off versus Derek Dorsett in Bruins zone.
17:01 of 2nd period - Ryan Nugent-Hopkins is hit by Derek Dorsett.
17:23 of 2nd period - Off-side.
17:24 of 2nd period - Mike Fisher wins face-off versus Patrice Bergeron in neutral zone.
17:26 of 2nd period - Evgeni Malkin is hit by Zdeno Chara and loses puck.
17:57 of 2nd period - Zdeno Chara is hit by Mike Fisher.
18:08 of 2nd period - Icing by Zdeno Chara.
18:09 of 2nd period - Vernon Fiddler wins face-off versus Patrice Bergeron in Bruins zone.
18:15 of 2nd period - Philippe Dupuis is hit by Zdeno Chara and loses puck.
19:12 of 2nd period - Icing by Rich Peverley.
19:13 of 2nd period - Vincent Lecavalier wins face-off versus Evander Kane in Bruins zone.

3rd period


0:01 of 3rd period - Patrice Bergeron wins face-off versus Mike Fisher in neutral zone.
0:44 of 3rd period - Shot by Patrice Bergeron.
0:44 of 3rd period - Shot Misses the Net.
1:01 of 3rd period - Icing by Evander Kane.
1:02 of 3rd period - David Krejci wins face-off versus Derek Dorsett in Bruins zone.
1:02 of 3rd period - David Krejci is hit by Derek Dorsett.
1:09 of 3rd period - Zdeno Chara is hit by Hal Gill and loses puck.
1:22 of 3rd period - Zach Bogosian is hit by Jay Harrison and loses puck.
1:38 of 3rd period - Minor Penalty to Evander Kane for Holding.
1:39 of 3rd period - Chris Kelly wins face-off versus Vincent Lecavalier in Bruins zone.
1:53 of 3rd period - Off-side.
1:54 of 3rd period - Chris Kelly wins face-off versus Mike Fisher in neutral zone.
2:14 of 3rd period - Zach Bogosian is hit by Mike Fisher.
2:22 of 3rd period - Shot by Zach Bogosian.
2:22 of 3rd period - Stopped by Ryan Miller with a rebound.
3:02 of 3rd period - Shot by Victor Hedman.
3:02 of 3rd period - Shot Blocked by David Krejci.
3:35 of 3rd period - Icing by Jay Harrison.
3:36 of 3rd period - Ryan Nugent-Hopkins wins face-off versus Mike Fisher in MapleLeafs zone.
3:37 of 3rd period - Shot by Brad Marchand.
3:37 of 3rd period - Shot Misses the Net.
3:54 of 3rd period - Derek Dorsett is hit by David Schlemko and loses puck.
3:57 of 3rd period - Shot by Adam Hall.
3:57 of 3rd period - Stopped by Tuukka Rask with a rebound.
3:59 of 3rd period - Shot by Adam Hall.
3:59 of 3rd period - Stopped by Tuukka Rask without a rebound.
4:00 of 3rd period - Patrick Marleau wins face-off versus Ryan Nugent-Hopkins in Bruins zone.
4:14 of 3rd period - Shot by Milan Lucic.
4:14 of 3rd period - Stopped by Ryan Miller without a rebound.
4:15 of 3rd period - Patrice Bergeron wins face-off versus Vincent Lecavalier in MapleLeafs zone.
4:37 of 3rd period - Patrice Bergeron is hit by Jonathan Ericsson and loses puck.
4:45 of 3rd period - Patrice Bergeron is hit by Jay Harrison and loses puck.
4:58 of 3rd period - Shot by Tyler Seguin.
4:58 of 3rd period - Shot Misses the Net.
5:05 of 3rd period - Icing by Jay Harrison.
5:06 of 3rd period - David Krejci wins face-off versus Vincent Lecavalier in MapleLeafs zone.
5:10 of 3rd period - David Krejci is hit by Jonathan Ericsson and loses puck.
5:18 of 3rd period - Evander Kane is hit by Jonathan Ericsson and loses puck.
5:32 of 3rd period - Shot by Rich Peverley.
5:32 of 3rd period - Deflect By Evander Kane.
5:32 of 3rd period - Stopped by Ryan Miller without a rebound.
5:33 of 3rd period - Ryan Nugent-Hopkins wins face-off versus Mike Fisher in MapleLeafs zone.
5:48 of 3rd period - Shot by Evgeni Malkin.
5:48 of 3rd period - Deflect By Patrick Marleau.
5:48 of 3rd period - Stopped by Tuukka Rask without a rebound.
5:49 of 3rd period - Patrice Bergeron wins face-off versus Derek Dorsett in Bruins zone.
5:53 of 3rd period - Patrice Bergeron is hit by Drew Doughty and loses puck.
6:27 of 3rd period - Icing by Dennis Seidenberg.
6:28 of 3rd period - Mike Fisher wins face-off versus Brad Marchand in Bruins zone.
6:51 of 3rd period - Shot by Patrick Marleau.
6:51 of 3rd period - Shot Misses the Net.
6:59 of 3rd period - Dennis Seidenberg is hit by Patrick Marleau and loses puck.
7:46 of 3rd period - Shot by Zach Bogosian.
7:46 of 3rd period - Shot Misses the Net.
8:29 of 3rd period - Off-side.
8:30 of 3rd period - Vernon Fiddler wins face-off versus Ryan Nugent-Hopkins in neutral zone.
8:53 of 3rd period - Minor Penalty to David Schlemko for Interference.
8:54 of 3rd period - Chris Kelly wins face-off versus Mike Fisher in Bruins zone.
9:28 of 3rd period - Shot by Patrick Marleau.
9:28 of 3rd period - Stopped by Tuukka Rask without a rebound.
9:29 of 3rd period - Vincent Lecavalier wins face-off versus Chris Kelly in Bruins zone.
10:34 of 3rd period - Zdeno Chara is hit by Mike Fisher and loses puck.
11:24 of 3rd period - Shot by Tyler Seguin.
11:24 of 3rd period - Stopped by Ryan Miller without a rebound.
11:25 of 3rd period - Patrick Marleau wins face-off versus Ryan Nugent-Hopkins in MapleLeafs zone.
12:32 of 3rd period - Hal Gill is hit by Tyler Seguin and loses puck.
12:59 of 3rd period - Shot by Adam Henrique.
12:59 of 3rd period - Stopped by Tuukka Rask with a rebound.
14:00 of 3rd period - Minor Penalty to Evander Kane for Interference.
14:01 of 3rd period - Chris Kelly wins face-off versus Mike Fisher in Bruins zone.
14:27 of 3rd period - Shot by Evgeni Malkin.
14:27 of 3rd period - Deflect By Patrick Marleau.
14:27 of 3rd period - Stopped by Tuukka Rask without a rebound.
14:28 of 3rd period - Chris Kelly wins face-off versus Vincent Lecavalier in Bruins zone.
15:47 of 3rd period - Shot by Greg Zanon.
15:47 of 3rd period - Goal by Greg Zanon - MapleLeafs : 4 - Bruins : 3.
15:48 of 3rd period - Patrice Bergeron wins face-off versus Vernon Fiddler in neutral zone.
15:55 of 3rd period - Shot by Brad Marchand.
15:55 of 3rd period - Stopped by Ryan Miller without a rebound.
15:56 of 3rd period - Patrice Bergeron wins face-off versus Derek Dorsett in MapleLeafs zone.
16:15 of 3rd period - Shot by Derek Dorsett.
16:15 of 3rd period - Deflect By Jordin Tootoo.
16:15 of 3rd period - Stopped by Tuukka Rask without a rebound.
16:16 of 3rd period - Ryan Nugent-Hopkins wins face-off versus Kris Versteeg in Bruins zone.
16:41 of 3rd period - Icing by Victor Hedman.
16:42 of 3rd period - Patrice Bergeron wins face-off versus Vincent Lecavalier in MapleLeafs zone.
17:16 of 3rd period - Shot by Patrice Bergeron.
17:16 of 3rd period - Stopped by Ryan Miller without a rebound.
17:17 of 3rd period - Mike Fisher wins face-off versus Ryan Nugent-Hopkins in MapleLeafs zone.
17:17 of 3rd period - Jay Harrison is hit by Milan Lucic and loses puck.
17:18 of 3rd period - Minor Penalty to Milan Lucic for Slashing.
17:19 of 3rd period - Chris Kelly wins face-off versus Mike Fisher in Bruins zone.
17:19 of 3rd period - Chris Kelly is hit by Evgeni Malkin.
18:21 of 3rd period - Shot by Drew Doughty.
18:21 of 3rd period - Stopped by Tuukka Rask without a rebound.
18:22 of 3rd period - Ryan Nugent-Hopkins wins face-off versus Vincent Lecavalier in Bruins zone.
19:28 of 3rd period - Icing by Adam Hall.
19:29 of 3rd period - Mike Fisher wins face-off versus Evander Kane in MapleLeafs zone.
19:29 of 3rd period - Mike Fisher is hit by Evander Kane.
19:47 of 3rd period - Bruins, Tuukka Rask is pulled from the net.
19:58 of 3rd period - Shot by Patrice Bergeron.
19:58 of 3rd period - Stopped by Ryan Miller without a rebound.
19:59 of 3rd period - Patrice Bergeron wins face-off versus Derek Dorsett in MapleLeafs zone.


Output by the SimonT Hockey Simulator (STHS) for Stephane Roy -- Original Page W3C XHTML 1.0 Valid
Hockey Simulator - Hockey Simulation - Hockey Manager